 Dungeon Crawl Stone Soup version 0.31-a0-986-g5e6e4ef867 (webtiles) character file.

Game seed: 2420668045115486434

57934 gelatine the Cleaver (level 14, 0/108 HPs)
             Began as a Demonspawn Fighter on Nov 21, 2023.
             Slain by a dire elephant (6 damage)
             ... on level 5 of the Lair of Beasts.
             The game lasted 01:18:46 (19544 turns).

gelatine the Cleaver (Demonspawn Fighter)          Turns: 19544, Time: 01:18:47

Health: 0/108      AC: 21    Str: 19    XL:     14   Next: 47%
Magic:  24/24      EV: 21    Int: 14    God:
Gold:   941        SH: 10    Dex: 15    Spells: 20/26 levels left

rFire   + . .        a - +1 war axe
rCold   . . .        c - +0 buckler
rNeg    . . .        N - +0 steam dragon scales
rPois   +            (helmet restricted)
rElec   .            M - +2 cloak {rPois}
rCorr   .            (no gloves)
SInv    +            m - +2 pair of boots
Will    +....        (no amulet)
Stlth   +++          d - +5 ring of evasion
HPRegen 0.38/turn    r - +4 ring of protection
MPRegen 0.19/turn

%: no passive effects
@: no status effects
A: horns 2, thin skeletal structure 1, icemail 1, powered by death 2,
condensation shield, claws 1, see invisible, clever 1, fire resistance 1, wild
magic 1
a: no special abilities


You were on level 5 of the Lair of Beasts.
You visited 3 branches of the dungeon, and saw 17 of its levels.
You also visited: Ossuary and Bailey.

You collected 941 gold pieces.

Inventory:

Hand Weapons
 a - a +1 war axe (weapon)
 L - a +5 flail
Missiles
 n - 5 javelins
 p - 2 silver javelins (quivered)
 O - 11 throwing nets
 Q - 4 darts of dispersal
 Z - 6 boomerangs
Armour
 c - a +0 buckler (worn)
 m - a +2 pair of boots (worn)
 s - a +2 troll leather armour
 x - a +2 robe of willpower
 F - a +3 leather armour
 M - a +2 cloak of poison resistance (worn)
 N - +0 steam dragon scales (worn)
 R - a +0 crystal plate armour
Magical Staves
 z - a staff of air
Jewellery
 d - a +5 ring of evasion (left claw)
 g - the ring "Doopideu" {Fly Int-4 Dex+5}
   (You found it on level 5 of the Dungeon)

   [ring of flight]

   Int-4:     It affects your intelligence (-4).
   Dex+5:     It affects your dexterity (+5).
   Fly:       It grants you flight.
 i - a +5 ring of evasion
 r - a +4 ring of protection (right claw)
 G - a ring of see invisible
Talismans
 h - a beast talisman
Wands
 e - a wand of iceblast (5)
 A - a wand of light (7)
 J - a wand of paralysis (14)
 S - a wand of mindburst (3)
 T - a wand of flame (31)
Scrolls
 f - a scroll of fear
 j - 3 scrolls of fog
 o - 4 scrolls of immolation
 w - a scroll of vulnerability
 y - 2 scrolls of enchant armour
 E - 2 scrolls of blinking
 K - 2 scrolls of silence
 V - 3 scrolls of teleportation
 X - a scroll of revelation
Potions
 b - 3 potions of might
 k - 8 potions of curing
 l - a potion of cancellation
 q - 3 potions of berserk rage
 t - a potion of enlightenment
 u - a potion of invisibility
 B - 2 potions of mutation
 C - 2 potions of lignification
 D - 2 potions of ambrosia
 H - a potion of haste
 I - 3 potions of magic
 U - 2 potions of attraction {unknown}
 W - a potion of resistance {unknown}
Miscellaneous
 P - a condenser vane


   Skills:
 * Level 9.0 Fighting
 * Level 13.2(13.3) Axes
 + Level 1.2(8.6) Maces & Flails
 * Level 7.9 Armour
 * Level 8.2 Dodging
 + Level 2.3 Stealth
 * Level 9.1 Shields
 * Level 6.7 Spellcasting
 * Level 1.2 Translocations
 * Level 5.1 Transmutations
 + Level 3.6 Earth Magic
 * Level 7.5 Evocations


You had 20 spell levels left.
You knew the following spells:

 Your Spells              Type           Power      Damage    Failure   Level
a - Wereblood             Tmut           24%        N/A       5%          2
b - Passwall              Tmut/Erth      17%        N/A       7%          2
c - Blink                 Tloc           20%        N/A       22%         2

Your spell library contained the following spells:

 Spells                   Type           Power      Damage    Failure   Level
 Sandblast                Erth           38%        2d10      7%          1
 Lesser Beckoning         Tloc           20%        N/A       22%         2
 Freeze                   Ice            24%        1d4       24%         1
 Magic Dart               Conj           24%        1d4       24%         1
 Momentum Strike          Conj/Tloc      16%        3d8       28%         2
 Call Imp                 Summ           12%        N/A       34%         2
 Static Discharge         Conj/Air       12%        3-4/arc   34%         2
 Sublimation of Blood     Necr           6%         N/A       34%         2
 Stone Arrow              Conj/Erth      24%        3d8       34%         3
 Gell's Gravitas          Tloc           10%        N/A       38%         3
 Teleport Other           Tloc           10%        N/A       38%         3
 Volatile Blastmotes      Fire/Tloc      16%        2d11      47%         3
 Frozen Ramparts          Ice            12%        1d2       54%         3
 Hailstorm                Conj/Ice       6%         3d4       54%         3
 Inner Flame              Hex/Fire       6%         N/A       54%         3
 Mephitic Cloud           Conj/Pois/Air  6%         N/A       54%         3
 Ozocubu's Armour         Ice            6%         N/A       54%         3
 Tukima's Dance           Hex            6%         N/A       54%         3
 Brom's Barrelling Bould  Conj/Erth      12%        2d4       71%         4
 Dimensional Bullseye     Hex/Tloc       4%         N/A       86%         4
 Iskenderun's Mystic Bla  Conj/Tloc      8%         2d4       86%         4
 Airstrike                Air            3%         2d(1-17)  90%         4
 Animate Dead             Necr           6%         N/A       90%         4
 Fulminant Prism          Conj/Hex       3%         3d5       90%         4
 Summon Lightning Spire   Summ/Air       6%         N/A       90%         4
 Irradiate                Conj/Tmut      7%         3d14      90%         5
 Yara's Violent Unravell  Hex/Tmut       7%         3d5       90%         5
 Borgnjor's Vile Clutch   Necr/Erth      6%         N/A       96%         5
 Metabolic Englaciation   Hex/Ice        3%         N/A       99%         5
 Death Channel            Necr           3%         N/A       100%        6
 Simulacrum               Ice/Necr       3%         N/A       100%        6
 Enfeeble                 Hex            3%         N/A       100%        7
 Summon Hydra             Summ           3%         N/A       100%        7


Dungeon Overview and Level Annotations

Branches:
Dungeon (11/15)            Temple (1/1) D:6            Lair (5/5) D:11
 Shoals (0/4) Lair:3       Spider (0/4) Lair:2        Slime (0/5) Lair:4
    Orc (0/2) D:11        Ossuary (visited)          Bailey (visited)

Altars:
Ashenzari
Cheibriados
Dithmenos
Fedhas
Gozag
Hepliaklqana
Kikubaaqudgha
Makhleb
Nemelex Xobeh
Okawaru
Qazlal
Ru
Sif Muna
Trog
Uskayaw
Vehumet
Wu Jian
Xom
Yredelemnul

Shops:
D:3 =   D:8 *

Annotations:
D:6 croobank's ghost, novice OpDe


Innate Abilities, Weirdness & Mutations

You have a pair of horns on your head.
You have a somewhat thin skeletal structure. (Dex +2, Stealth+)
A meltable icy envelope protects you from harm. (AC +4)
You regenerate health from kills.
A meltable shield of frost defends you. (SH +4)
You have sharp fingernails.
You have supernaturally acute eyesight. (SInv)
Your mind is acute. (Int +4, Str/Dex -1)
Your flesh is heat resistant. (rF+)
Your spells are a little harder to cast, but a little more powerful.


Message History

The death yak gores you but does no damage.
The dire elephant completely misses you. x2
Unknown command.
You hit the dire elephant. You headbutt the dire elephant.
The dire elephant is severely wounded.
You hit the death yak. The death yak completely misses you.
The dire elephant closely misses you.
The dire elephant trunk-slaps you but does no damage.
You slash the dire elephant! You headbutt the dire elephant.
The dire elephant is severely wounded.
You hit the death yak. The death yak gores you!
The dire elephant closely misses you. You block the dire elephant's attack.
You hit the dire elephant.
The dire elephant is severely wounded.
You barely miss the death yak. The death yak misses you.
The dire elephant barely misses you. You block the dire elephant's attack.
You hit the dire elephant. You headbutt the dire elephant!
The dire elephant is almost dead.
You hit the death yak.
You hit the dire elephant but do no damage.
The dire elephant is almost dead.
You hit the death yak. You block the death yak's attack.
The dire elephant tramples you but does no damage.
You block the dire elephant's attack.
Unknown command.
You hit the dire elephant but do no damage.
The dire elephant is almost dead.
You hit the death yak but do no damage. You block the death yak's attack.
The dire elephant tramples you!!
* * * LOW HITPOINT WARNING * * *
You hold your ground!
The dire elephant barely misses you.
Unknown command.
You slash the dire elephant!
You headbutt the dire elephant, but do no damage.
The dire elephant is almost dead.
You hit the death yak but do no damage. The death yak barely misses you.
The dire elephant tramples you!
* * * LOW HITPOINT WARNING * * *
You hold your ground!
The dire elephant trunk-slaps you.
You die...

#... #.....#..# ##..
...########...## ###.#
###.......#...#.P####.###
#P..#.#...#.....###......
#.....#...#.....###...#..
#.....#.###....#.#.......
##...††.......####.......
##....Y....#####.......#
#####Y@.#####.......... ### #####
####### #...........
..####...####..### ##...........
.................####............
...#................#........#.∩.
...###................P.....###..
...# #...................P.## #..
...####...........##....#### ###
...#.##P...........[...## ##


You could see a dire elephant and a death yak.

Vanquished Creatures
  A catoblepas (Lair:5)
  4 two-headed ogres
  A death yak (Lair:5)
  The ghost of Doj the Cleaver, a novice DsBe of Trog (D:11)
  2 skysharks
  A wolf spider (Lair:5)
  A cyclops (D:11)
  30 elephants
  A manticore (Lair:5)
  Maurice (D:7)
  3 centaur zombies (D:8)
  9 black mambas
  4 molten gargoyles (D:10)
  A torpor snail (Lair:2)
  Jeremiah (D:7)
  16 cane toads
  A centaur skeleton (D:8)
  9 komodo dragons
  A troll (D:10)
  3 merfolk (Lair:3)
  A hellwing (D:7)
  2 polar bears (Lair:2)
  Prince Ribbit (D:6)
  17 blink frogs
  3 wraiths
  66 yaks
  3 shadows (D:11)
  Eustachio (D:6)
  9 wyverns
  Grum (D:8)
  5 steam dragons
  4 vampire mosquitoes (D:11)
  16 water moccasins
  An orc warrior (D:6)
  An ice beast (D:7)
  2 sky beasts
  5 black bears
  6 centaurs
  28 wolves
  2 phantoms
  3 kobold brigands
  Blork the orc (D:4)
  10 gnoll sergeants
  16 bullfrogs
  4 scorpions
  6 water moccasin zombies (Ossuary)
  3 wights (D:8)
  7 killer bees
  2 troll zombies (D:11)
  6 electric eels (D:9)
  6 howler monkeys
  A lava snake (D:10)
  8 hounds
  6 jellies
  12 orc priests
  A sleepcap (D:7)
  8 gnoll boudas
  An iguana (D:6)
  8 orc wizards
  Terence (D:2)
  4 ogre zombies (D:11)
  2 mummies (Ossuary)
  29 gnolls
  8 adders
  6 shadow imps
  A white imp (D:7)
  9 adder zombies (Ossuary)
  3 worms
  A dart slug (D:4)
  40 orcs
  5 ball pythons
  13 endoplasms
  5 giant cockroaches
  5 gnoll zombies
  3 goblins
  9 hobgoblins
  7 jackals (D:1)
  4 quokkas (D:1)
  5 bats
  4 frilled lizards
  5 gnoll skeletons (D:11)
  6 hobgoblin zombies (Ossuary)
  25 kobolds
  A kobold zombie (Ossuary)
  3 orc skeletons (D:11)
  14 orc zombies
  9 rats
601 creatures vanquished.

Vanquished Creatures (others)
  A troll (D:11)
  A human (D:8)
  A boggart skeleton (D:8)
3 creatures vanquished.

Grand Total: 604 creatures vanquished

Notes
Turn   | Place    | Note
-------+----------+-------------------------------------------
     0 | D:1      | gelatine the Demonspawn Fighter began the quest for the
                  | Orb.
     0 | D:1      | Reached XP level 1. HP: 18/18 MP: 1/1
   273 | D:1      | Gained mutation: You regenerate a little health from kills.
                  | [demonic ancestry]
   273 | D:1      | Reached XP level 2. HP: 24/24 MP: 2/2
   283 | D:1      | Reached skill level 2 in Axes
   598 | D:1      | Found a faded altar of an unknown god.
   603 | D:1      | Gained mutation: You have a pair of small horns on your
                  | head. [demonic ancestry]
   603 | D:1      | Reached XP level 3. HP: 29/29 MP: 3/3
  1413 | D:2      | Noticed Terence
  1426 | D:2      | Killed Terence
  1507 | D:2      | Gained mutation: A meltable shield of frost defends you.
                  | (SH +4) [demonic ancestry]
  1507 | D:2      | Reached XP level 4. HP: 35/35 MP: 4/4
  1771 | D:2      | Found a bloodstained altar of Trog.
  1819 | D:2      | Reached skill level 3 in Axes
  2152 | D:3      | Found a basalt altar of Yredelemnul.
  2181 | D:3      | Reached XP level 5. HP: 35/41 MP: 6/6
  2371 | D:3      | Found Utua's Jewellery Emporium.
  2757 | D:4      | Noticed Blork the orc
  2767 | D:4      | Killed Blork the orc
  2768 | D:4      | Reached skill level 4 in Axes
  2768 | D:4      | Reached skill level 1 in Spellcasting
  2884 | D:4      | Reached skill level 1 in Dodging
  2884 | D:4      | Gained mutation: You have a pair of horns on your head.
                  | [demonic ancestry]
  2884 | D:4      | Reached XP level 6. HP: 36/47 MP: 7/7
  3360 | D:4      | You fall into a shaft and drop 1 floor!
  3360 | D:5      | Entered Level 5 of the Dungeon
  3360 | D:5      | Found a sand-covered staircase.
  3365 | Ossuary  | Entered an ossuary
  3465 | Ossuary  | Reached skill level 5 in Axes
  3465 | Ossuary  | Reached XP level 7. HP: 53/53 MP: 9/9
  3691 | D:5      | Reached skill level 1 in Evocations
  3739 | D:5      | Reached skill level 6 in Axes
  3872 | D:5      | Identified the ring "Doopideu" {Fly Int-4 Dex+5}
  3972 | D:5      | Reached XP level 8. HP: 54/60 MP: 11/11
  4135 | D:5      | Found an ornate altar of the Wu Jian Council.
  4911 | D:6      | Reached skill level 7 in Axes
  4936 | D:6      | HP: 2/61 [orc priest/divine providence (12)]
  5240 | D:6      | Found a runed translucent door.
  5244 | D:6      | Found a shimmering altar of Xom.
  5244 | D:6      | Noticed croobank's ghost (novice OpDe)
  5244 | D:6      | Noticed a +1 dagger of chaos
  5281 | D:6      | Found a staircase to the Ecumenical Temple.
  5290 | Temple   | Entered the Ecumenical Temple
  5561 | D:6      | Gained mutation: You regenerate health from kills. [demonic
                  | ancestry]
  5561 | D:6      | Reached XP level 9. HP: 66/66 MP: 12/12
  5745 | D:6      | Found a sacrificial altar of Ru.
  5977 | D:6      | Noticed Eustachio
  6215 | D:6      | Killed Eustachio
  6241 | D:6      | Noticed Prince Ribbit
  6249 | D:6      | Killed Prince Ribbit
  6250 | D:6      | Reached skill level 8 in Axes
  6250 | D:6      | Reached skill level 5 in Shields
  6805 | D:7      | Reached skill level 5 in Fighting
  7189 | D:7      | Noticed Jeremiah
  7279 | D:7      | Killed Jeremiah
  7960 | D:8      | Gained mutation: You have a somewhat thin skeletal
                  | structure. (Dex +2, Stealth+) [demonic ancestry]
  7960 | D:8      | Reached XP level 10. HP: 71/74 MP: 15/15
  7981 | D:8      | Found Rilikagg's Gadget Gallery.
  7991 | D:8      | Noticed Grum
  8049 | D:7      | Reached skill level 5 in Armour
  8051 | D:8      | Noticed Maurice
  8061 | D:8      | Something stole a beast talisman
  8062 | D:8      | Something stole a +5 ring of evasion
  8086 | D:7      | Something stole 2 silver javelins
  8087 | D:7      | Something stole a +0 war axe
  8088 | D:7      | Killed Maurice
  8140 | D:7      | Reached skill level 9 in Axes
  8467 | D:8      | Reached skill level 1 in Maces & Flails
  8473 | D:8      | Killed Grum
  8519 | D:8      | Reached skill level 1 in Stealth
  8541 | D:8      | Learned a level 2 spell: Wereblood
  8684 | D:8      | Found an ancient bone altar of Kikubaaqudgha.
  8878 | D:9      | Reached skill level 5 in Dodging
  9029 | D:9      | Reached skill level 1 in Transmutations
  9066 | D:9      | Noticed a two-headed ogre
  9076 | D:9      | Killed a two-headed ogre
  9077 | D:9      | Reached XP level 11. HP: 59/81 MP: 17/17
  9477 | D:10     | Entered Level 10 of the Dungeon
  9524 | D:10     | Noticed a two-headed ogre
  9791 | D:10     | Found a flagged portal.
  9817 | Bailey   | Entered a bailey
 10463 | Bailey   | Learned a level 2 spell: Passwall
 10676 | D:10     | Reached skill level 5 in Evocations
 10987 | D:10     | Killed a two-headed ogre
 11047 | D:10     | Found a shimmering blue altar of Sif Muna.
 11368 | D:10     | Found a blossoming altar of Fedhas.
 11501 | D:10     | Reached skill level 10 in Axes
 11745 | D:10     | Found an opulent altar of Gozag.
 11746 | D:10     | Found a shimmering altar of Xom.
 11754 | D:10     | Found an iron altar of Okawaru.
 11755 | D:10     | Found a stormy altar of Qazlal.
 11967 | D:11     | Found a staircase to the Lair.
 11977 | D:11     | Gained mutation: You have supernaturally acute eyesight.
                  | (SInv) [mutagenic glow]
 11995 | D:11     | Gained mutation: You have sharp fingernails. [mutagenic
                  | glow]
 12013 | D:11     | Gained mutation: You occasionally shout uncontrollably at
                  | your foes. [mutagenic glow]
 12024 | D:11     | Gained mutation: You are frail. (-10% HP) [mutagenic glow]
 12042 | D:11     | Gained mutation: You sometimes lose your temper in combat.
                  | [mutagenic glow]
 12051 | D:11     | Noticed a two-headed ogre
 12078 | D:11     | Killed a two-headed ogre
 12079 | D:11     | Reached skill level 5 in Spellcasting
 12079 | D:11     | Reached XP level 12. HP: 47/81 MP: 19/19
 12102 | D:11     | Found a staircase to the Orcish Mines.
 12228 | D:11     | Noticed Doj's ghost (novice DsBe)
 12232 | D:11     | Found a runed translucent door.
 12434 | D:11     | Noticed a two-headed ogre
 12497 | D:11     | Killed a two-headed ogre
 12498 | D:11     | Reached skill level 11 in Axes
 12888 | Lair:1   | Entered Level 1 of the Lair of Beasts
 13093 | D:11     | Killed Doj's ghost
 13184 | D:11     | Lost mutation: You are frail. (-10% HP) [potion of
                  | mutation]
 13184 | D:11     | Lost mutation: You sometimes lose your temper in combat.
                  | [potion of mutation]
 13184 | D:11     | Lost mutation: You occasionally shout uncontrollably at
                  | your foes. [potion of mutation]
 13184 | D:11     | Gained mutation: Your mind is acute. (Int +4, Str/Dex -1)
                  | [potion of mutation]
 13184 | D:11     | Gained mutation: Your spells are a little harder to cast,
                  | but a little more powerful. [potion of mutation]
 13184 | D:11     | Gained mutation: Your flesh is heat resistant. (rF+)
                  | [potion of mutation]
 13447 | Lair:1   | Reached skill level 1 in Earth Magic
 14021 | Lair:1   | Gained mutation: A meltable icy envelope protects you from
                  | harm. (AC +4) [demonic ancestry]
 14021 | Lair:1   | Reached XP level 13. HP: 84/98 MP: 21/21
 14605 | Lair:2   | Reached skill level 12 in Axes
 14644 | Lair:2   | Found a hole to the Spider Nest.
 16111 | Lair:3   | Found a staircase to the Shoals.
 17309 | Lair:4   | Found a staircase to the Slime Pits.
 17908 | Lair:4   | Reached XP level 14. HP: 61/106 MP: 23/23
 18420 | Gauntlet | Identified the "Adghey Diep"
 18420 | Lair:5   | Entered Level 5 of the Lair of Beasts
 18541 | Lair:5   | Reached skill level 13 in Axes
 18718 | Lair:5   | Learned a level 2 spell: Blink
 18842 | Lair:5   | Reached skill level 5 in Transmutations
 19167 | Lair:5   | Reached skill level 1 in Translocations
 19544 | Lair:5   | Slain by a dire elephant

Illustrated notes

Levels and vault maps discovered:
D:1:      nagdon_arrival_double_spiral, layout_loops_corners, serial_forest,
          infiniplex_forest_lined_4_way, infiniplex_forest_clump_C,
          infiniplex_forest_clump_small, infiniplex_forest_clump_diagonal,
          infiniplex_forest_lined_corner, infiniplex_forest_straight_2,
          infiniplex_forest_straight_4, infiniplex_forest_lined_room_2,
          infiniplex_forest_corner_1, infiniplex_forest_straight_3,
          hellmonk_ecumenical_altar_slurped_away
D:2:      layout_basic, basic_altar, uniq_terence
D:3:      layout_rooms, mainiacjoe_overflow_catwalk, serial_shops,
          nicolae_shop_tiny_waterfront, serial_bayou_lake_a
D:4:      layout_loops_ring, grunt_decor_resistance, uniq_blork_the_orc
D:5:      layout_basic, mainiacjoe_overflow_concentric_impassable,
          lightli_ossuary_entry_decrepit_ruins
D:6:      layout_layer_cave, nicolae_ru_the_path_less_chosen,
          minmay_temple_entry_mist, ebering_ghost_xom, minmay_misc_feat_square,
          feat_on_display, uniq_eustachio, uniq_prince_ribbit1
D:7:      layout_basic, chequers_serial_rivers_small_3, minmay_puff,
          uniq_jeremiah
D:8:      cheibrodos_grave_circle, layout_rooms, tgw_kikubaaqudgha,
          mainiacjoe_overflow_brackets, nicolae_shop_gadgets, uniq_maurice,
          uniq_grum
D:9:      layout_basic
D:10:     layout_layer_cave, marbit_many_paths, minitemple,
          mainiacjoe_overflow_24_doors, enter_bailey_4, minivault_8
D:11:     layout_roguey, due_lair_maze_entry_diamond, zombieorc1_lemuel,
          hellmonk_ghost_happy_afterlife
Temple:   grunt_temple_mini_profane
Lair:1:   layout_gridlike
Lair:2:   layout_loops_ring, dummy_spider_entry, beast_lair_carwin_6
Lair:3:   layout_loops_ring, mainiacjoe_shoals_entry_four_pools,
          serial_bayou_shore_a, grunt_megastairs_1
Lair:4:   layout_regular_city, nicolae_slime_entry_slimehenge,
          grunt_megastairs_4
Lair:5:   wormcave, layout_cave_pods, hangedman_lair_in_review,
          gauntlet_entry_generic

Skill      XL: |  1  2  3  4  5  6  7  8  9 10 11 12 13 14 |
---------------+-------------------------------------------+-----
Armour         | 3 4 5 6 7 |  7.9
Axes           | 2 3 4 5 6 7 8 9 10 11 12 13 | 13.2
Shields        | 3 4 5 6 7 8 9 |  9.1
Spellcasting   | 1 2 3 4 5 6 |  6.7
Dodging        | 1 2 4 5 6 7 8 |  8.2
Fighting       | 4 5 6 7 8 9 |  9.0
Evocations     | 1 2 3 4 5 6 7 |  7.5
Maces & Flails | 1 |  1.2
Stealth        | 1 2 |  2.3
Transmutations | 1 2 4 5 |  5.1
Earth Magic    | 1 3 |  3.6
Translocations | 1 |  1.2

Action                     |  1- 3 |  4- 6 |  7- 9 | 10-12 | 13-15 || total
---------------------------+-------+-------+-------+-------+-------++-------
  Melee: War axe           |   114 |   193 |   459 |   929 |  1022 ||  2717
         Headbutt          |     6 |    32 |    87 |   273 |   286 ||   684
         Flail             |       |       |       |   135 |       ||   135
  Throw: Javelin           |       |       |       |       |     9 ||     9
   Cast: Wereblood         |       |       |       |     8 |    39 ||    47
  Evoke: Wand              |       |       |    11 |    36 |     1 ||    48
         Condenser vane    |       |       |       |       |     1 ||     1
    Use: Potion            |     2 |       |     7 |     1 |       ||    10
         Scroll            |       |       |    11 |     7 |    10 ||    28
   Stab: Paralysed         |       |       |       |     2 |       ||     2
         Distracted        |       |       |       |     1 |       ||     1
         Sleeping          |       |       |       |     1 |     5 ||     6
         Petrifying        |       |       |       |       |     1 ||     1
         Petrified         |       |       |       |       |     1 ||     1
 Armour: Scale mail        |    75 |    49 |    30 |       |       ||   154
         Ring mail         |       |       |    65 |       |       ||    65
         Leather armour    |       |       |   159 |   452 |       ||   611
         Crystal plate arm |       |       |       |   267 |       ||   267
         Steam dragon scal |       |       |       |    94 |   611 ||   705
  Dodge: Dodged            |    57 |   111 |   359 |  1100 |  1063 ||  2690
  Block: Buckler           |    16 |    74 |   227 |   810 |   711 ||  1838

Table legend: (Time is in decaauts)
 A = Elapsed time spent in this place.
 B = Non-inter-level travel time spent in this place.
 C = Inter-level travel time spent in this place.
 D = Time resting spent in this place.
 E = Time spent auto-exploring this place.
 F = Levels seen in this place.
 G = Mean time per level.
                   A        B        C        D        E       F      G
               +--------+--------+--------+--------+--------+-----+--------+
         Total |  19848 |  19158 |    690 |      0 |  12914 |  19 | 1044.6 |
       Dungeon |  12481 |  11920 |    561 |      0 |   8388 |  11 | 1134.6 |
        Temple |    108 |    108 |      0 |      0 |      0 |   1 |  108.0 |
          Lair |   6241 |   6112 |    129 |      0 |   4063 |   5 | 1248.2 |
       Ossuary |    251 |    251 |      0 |      0 |     70 |   1 |  251.0 |
        Bailey |    764 |    764 |      0 |      0 |    393 |   1 |  764.0 |
               +--------+--------+--------+--------+--------+-----+--------+

Top non-repeatable levels by time:
    D:10: 1629 daAuts
     D:7: 1579 daAuts
    D:11: 1468 daAuts
  Lair:1: 1435 daAuts
     D:6: 1425 daAuts
     D:1: 1407 daAuts
     D:5: 1372 daAuts
  Lair:3: 1369 daAuts
  Lair:2: 1188 daAuts
  Lair:4: 1155 daAuts
  Lair:5: 1093 daAuts
     D:4: 964 daAuts
  Bailey: 764 daAuts
     D:2: 746 daAuts
     D:3: 716 daAuts
